[Event "*** Titled Tuesday 3|2 Blitz"]
[Site "Chess.com"]
[Date "2016.06.07"]
[Round "6"]
[White "aripov96"]
[Black "Abrito99"]
[Result "0-1"]
[WhiteElo "2256"]
[BlackElo "2346"]
[TimeControl "180+2"]
[EndTime "18:14:09 PDT"]
[Termination "Abrito99 won by resignation"]

1. Nf3 Nf6 2. g3 g6 3. Bg2 Bg7 4. O-O d6 5. c4 O-O 6. Nc3 Nbd7 7. d3 c5 8. Rb1 Rb8 9. a3 b6 10. b4 Bb7 11. Bb2 e6 12. Qb3 d5 13. Nd2 d4 14.
Na4 Bxg2 15. Kxg2 Qc7 16. Nf3 e5 17. Bc1 Qc6 18. Bg5 h6 19. Bxf6 Bxf6 20. bxc5 bxc5 21. Qc2 Be7 22. Rb2 Rxb2 23. Nxb2 Rb8 24. Nd1 Qa6 25.
Qc1 Kg7 26. e3 f5 27. exd4 cxd4 28. Re1 Qa5 29. c5 Qxc5 30. Qxc5 Bxc5 31. Nxe5 Re8 32. f4 Bxa3 33. Nf2 Nxe5 34. fxe5 Bb4 35. Rc1 Bc3 36. Nd1 Rxe5 37. Nxc3 dxc3 38. Rxc3 Re7 39. Kf3 Kf6 40.
Rc6+ Kg5 41. h4+ Kh5 42. d4 g5 43. d5 Re1 44. d6 Rd1 45. hxg5 hxg5 46. Rc5 Rd3+ 47.
Ke2 Rxd6 48. Rxf5 Kg4 49. Ra5 Rd7 50. Kf2 Rd2+ 51. Kg1 Rd7 52. Kf2 Rd2+ 53. Ke3 Rg2 54. Rxa7 Kxg3 55. Rg7 g4 56. Rb7 Rf2 57. Rb4 Rf3+ 58. Ke2 Rf8 59. Re4 Kh3 60. Re7 g3 61.
Rh7+ Kg2 62. Ke3 Kg1 63. Rg7 g2 64. Ke2 Re8+ 65. Kf3 Kf1 66. Rxg2 Rf8+ 67. Kg3 Rg8+ 68. Kh3 Rxg2 69. Kh4 Kf2 70. Kh5 Kf3 71. Kh4 Kf4 72.
Kh3 Rg8 73. Kh2 Kf3 0-1

[Event "*** Titled Tuesday 3|2 Blitz"]
[Site "Chess.com"]
[Date "2016.06.07"]
[Round "6"]
[White "twitchTriniCupid"]
[Black "bugsbunny444"]
[Result "1/2-1/2"]
[WhiteElo "2128"]
[BlackElo "2357"]
[TimeControl "180+2"]
[EndTime "18:14:30 PDT"]
[Termination "Game drawn - insufficient material"]

1. d4 e6 2. c4 b6 3. Nc3 Bb7 4.
Qc2 Bb4 5. a3 Bxc3+ 6. Qxc3 f5 7. Nf3 Nf6 8. Bg5 O-O 9. e3 d6 10. Be2 Nbd7 11. O-O Ne4 12. Bxd8 Nxc3 13. Bd3 Raxd8 14.
bxc3 e5 15. Nd2 f4 16. Be4 Bxe4 17. Nxe4 h6 18. Rfd1 Rde8 19. Re1 Nb8 20. c5 d5 21. Nd2 bxc5 22. dxe5 Rxe5 23. exf4 Rxe1+ 24. Rxe1 Rxf4 25. Re8+ Rf8 26. Re7 Rc8 27. c4 Kf8 28. Re5 c6 29. Nb3 Nd7 30. Rf5+ Ke7 31. cxd5 cxd5 32. Rxd5 c4 33.
Nd4 c3 34. Nc2 Nb6 35. Rd3 Na4 36. Kf1 Rb8 37. Rd4 Rb2 38. Rxa4 Rxc2 39. Rxa7+ Kf6 40. Rc7 g5 41. h3 Ke5 42. g3 Kd4 43. Rd7+ Kc4 44.
Rc7+ Kb3 45. Kg2 Kxa3 46. Kf3 Kb2 47. Ke3 Rc1 48. Rb7+ Kc2 49. Rc7 Re1+ 50. Kf3 Kd2 51. Rd7+ Kc1 52. h4 c2 53. Rc7 Re6 54. hxg5 hxg5 55.
Kg4 Kd1 56. Rd7+ Ke1 57. Rc7 Kd1 58. Rd7+ Ke1 59. Rc7 Re2 60. f4 gxf4 61. gxf4 Kd2 62. Rd7+ Ke1 63. Rc7 Kd1 64. Rd7+ Rd2 65. Rh7 c1=Q 66.
Rh1+ Kc2 67. Rxc1+ Kxc1 68. f5 Rg2+ 69. Kf4 Rf2+ 70.
Ke5 Kd2 71. f6 Ke3 72. Ke6 Ke4 73. f7 Rxf7 74. Kxf7 1/2-1/2

[Event "*** Titled Tuesday 3|2 Blitz"]
[Site "Chess.com"]
[Date "2016.06.07"]
[Round "6"]
[White "Aguiar94"]
[Black "saraswathii"]
[Result "1/2-1/2"]
[WhiteElo "2336"]
[BlackElo "1981"]
[TimeControl "180+2"]
[EndTime "18:16:14 PDT"]
[Termination "Game drawn - insufficient material"]

1. e4 c5 2. Nf3 e6 3. d4 cxd4 4. Nxd4 Nf6 5. Nc3 Nc6 6. Nxc6 bxc6 7. e5 Nd5 8. Ne4 f5 9. exf6 Nxf6 10. Nd6+ Bxd6 11.
Qxd6 Qa5+ 12. Bd2 Qd5 13. Bb4 Qxd6 14. Bxd6 Ne4 15. Ba3 d5 16. Bd3 Nf6 17. f4 Kf7 18. Kd2 a5 19. c4 Ba6 20. b3 Rhd8 21. Ke3 Rd7 22. Bc5 Rad8 23. Be2 Ne4 24. Bb6 Ra8 25. Rhc1 Nf6 26. g4 dxc4 27. bxc4 a4 28. g5 Ne8 29.
Bd4 Nd6 30. Bd3 Rad8 31. Be5 Nf5+ 32. Bxf5 exf5 33. Rc3 Rd2 34. h4 Bxc4 35. h5 R8d3+ 36. Rxd3 Rxd3+ 37. Kf2 Rh3 38. g6+ hxg6 39. hxg6+ Kxg6 40.
Rg1+ Kf7 41. Rxg7+ Ke6 42. Rg6+ Kd5 43. Rd6+ Kc5 44. Rf6 Rh2+ 45. Kg3 Rxa2 46. Rxf5 Bd3 47. Rf7 Be4 48. f5 Kd5 49. Bg7 Rg2+ 50. Kh3 a3 51. Bh8 Rf2 52. Kg4 a2 53. Rd7+ Kc5 54. Bd4+ Kc4 55. Bxf2 a1=Q 56. Kf4 Bd5 57. Be3 Qf1+ 58. Ke5 Qf3 59. Bg5 Qe4+ 60. Kf6 c5 61. Re7 Qd4+ 62.
Kg6 Be4 63. Bf6 Qd3 64. Kg5 Bxf5 65. Kf4 Be4 66. Rxe4+ Kd5 67. Re5+ Kd6 68. Re3 Qd2 69. Ke4 c4 70. Bd4 Qc2+ 71. Kf4 Kd5 72. Bf6 Qf2+ 73.
Rf3 Qh2+ 74. Kf5 Qh5+ 75. Kf4 Qh6+ 76. Kg4 Qg6+ 77. Bg5 Qe4+ 78. Bf4 Qe2 79. Kg3 Ke4 80. Rf2 Qe1 81. Bd2 Qd1 82. Bg5 c3 83. Rf4+ Ke5 84.
Bf6+ Kd5 85. Bxc3 Qd3+ 86. Rf3 Qg6+ 87. Kf2 Kc4 88. Bf6 Kd5 89. Bc3 Ke4 90. Re3+ Kd5 91. Rf3 Qg4 92. Ke3 Kc4 93. Rf4+ Qxf4+ 94. Kxf4 1/2-1/2

[Event "*** Titled Tuesday 3|2 Blitz"]
[Site "Chess.com"]
[Date "2016.06.07"]
[Round "7"]
[White "akinov-akinseye"]
[Black "BikingBrian"]
[Result "1/2-1/2"]
[WhiteElo "1717"]
[BlackElo "2091"]
[TimeControl "180+2"]
[EndTime "18:20:30 PDT"]
[Termination "Game drawn by agreement"]

1. e4 c5 2. Nf3 g6 3. d3 Bg7 4.
c3 e6 5. Be2 Nc6 6. O-O Nge7 7.
Re1 O-O 8. Nbd2 d5 9. exd5 exd5 10. Nf1 Bg4 11. Ng3 Qd6 12. Nd2 Bxe2 13. Qxe2 Rae8 14.
Nf3 Qd7 15. Qc2 Nf5 16. Bf4 Nxg3 17. Bxg3 Rxe1+ 18. Rxe1 Re8 19. Qd1 Rxe1+ 20. Qxe1 Qe6 21. Qxe6 fxe6 22. Kf1 Kf7 23. Ke2 1/2-1/2

[Event "*** Titled Tuesday 3|2 Blitz"]
[Site "Chess.com"]
[Date "2016.06.07"]
[Round "7"]
[White "ilya261991"]
[Black "Abrito99"]
[Result "1-0"]
[WhiteElo "2532"]
[BlackElo "2342"]
[TimeControl "180+2"]
[EndTime "18:20:58 PDT"]
[Termination "ilya261991 won by resignation"]

1. d4 Nf6 2. c4 g6 3. f3 Bg7 4. e4 d6 5. Nc3 O-O 6. Be3 e5 7. Nge2 c6 8. Qd2 Nbd7 9. d5 cxd5 10. cxd5 a6 11. g4 b5 12. Ng3 Bb7 13. h4 Qa5 14. h5 Rac8 15. hxg6 fxg6 16. g5 Ne8 17. Bh3 Rxf3 18. Be6+ Kh8 19. Rxh7+ 1-0

[Event "*** Titled Tuesday 3|2 Blitz"]
[Site "Chess.com"]
[Date "2016.06.07"]
[Round "7"]
[White "saraswathii"]
[Black "AleksandrKholin"]
[Result "0-1"]
[WhiteElo "1973"]
[BlackElo "2125"]
[TimeControl "180+2"]
[EndTime "18:21:06 PDT"]
[Termination "AleksandrKholin won by resignation"]

1. e4 c5 2. d3 d6 3. Nf3 g6 4. g3 Bg7 5. Bg2 Nc6 6. O-O e5 7. c3 Nge7 8. h3 O-O 9. a3 a5 10. c4 h6 11. Nh4 g5 12. Nf3 f5 13. exf5 Bxf5 14. Nc3 Qd7 15. Kh2 Rae8 16. Be3 Nd4 17. Bxd4 exd4 18. Nb5 d5 19. b3 dxc4 20. bxc4 g4 21. Nh4 gxh3 22. Nxf5 hxg2 23. Nxe7+ Rxe7 24. Kxg2 Qc6+ 25. Kg1 Qf3 26. Qxf3 Rxf3 27. Rfe1 Rxe1+ 28. Rxe1 Rxd3 29. Re7 Rd1+ 30. Kg2 b6 31. Rb7 d3 32. Rxb6 d2 33. Rd6 Bd4 34. Nxd4 Rg1+ 0-1

[Event "*** Titled Tuesday 3|2 Blitz"]
[Site "Chess.com"]
[Date "2016.06.07"]
[Round "7"]
[White "Silent_Terror"]
[Black "Aguiar94"]
[Result "0-1"]
[WhiteElo "2483"]
[BlackElo "2347"]
[TimeControl "180+2"]
[EndTime "18:21:19 PDT"]
[Termination "Aguiar94 won by resignation"]

1. e4 c5 2. Nc3 e6 3. f4 d5 4.
exd5 exd5 5. Bb5+ Nc6 6. Bxc6+ bxc6 7. Nf3 Bd6 8. d3 Nf6 9. O-O O-O 10. b3 Qc7 11. g3 Bh3 12. Re1 Bg4 13. Kg2 Qd7 14.
Na4 Rfe8 15. Rxe8+ Rxe8 16. Ba3 Qf5 17. Qd2 Qh5 18. Ng1 d4 19. Re1 Qd5+ 20. Kf2 Be6 21. h3 h5 22. Nb2 h4 23. g4 g5 24. Ne2 Bxg4 25. hxg4 Nxg4+ 26. Kg1 Qf3 27. Nc1 Qg3+ 28. Kf1 Nh2+ 0-1

[Event "*** Titled Tuesday 3|2 Blitz"]
[Site "Chess.com"]
[Date "2016.06.07"]
[Round "7"]
[White "GianmarcoVaR"]
[Black "Cruel_Yaro"]
[Result "1-0"]
[WhiteElo "2362"]
[BlackElo "2530"]
[TimeControl "180+2"]
[EndTime "18:21:26 PDT"]
[Termination "GianmarcoVaR won by resignation"]

1. d4 Nf6 2. c4 c5 3. d5 e6 4. Nc3 exd5 5. cxd5 d6 6. g3 g6 7. Bg2 Bg7 8. Nf3 O-O 9. O-O a6 10. a4 Re8 11. Bf4 Nh5 12. Bg5 Qc7 13. Re1 Nd7 14.
e4 Rb8 15. Bf1 c4 16. Nd4 Ne5 17. Qd2 Bd7 18. h3 b5 19. axb5 axb5 20. g4 Nf6 21. Qf4 Nfxg4 22. hxg4 Nxg4 23. Nc6 h6 24. Be7 Be5 25.
Nxe5 dxe5 26. d6 Qc5 27. Qf3 Be6 28. Rad1 Rxe7 29. dxe7 Qxe7 30. Qg3 h5 31. Nd5 Qc5 32. Bh3 1-0

[Event "*** Titled Tuesday 3|2 Blitz"]
[Site "Chess.com"]
[Date "2016.06.07"]
[Round "7"]
[White "Semetey"]
[Black "hermionegrangermagic"]
[Result "1-0"]
[WhiteElo "2464"]
[BlackElo "2286"]
[TimeControl "180+2"]
[EndTime "18:21:43 PDT"]
[Termination "Semetey won by resignation"]

1. d4 b5 2. e4 a6 3. Bd3 Bb7 4. Nf3 e6 5. O-O c5 6. c3 d6 7. Be3 Nd7 8. Nbd2 Ngf6 9. a4 Qb6 10. axb5 axb5 11. dxc5 Nxc5 12. Rxa8+ Bxa8 13. b4 Be7 14. bxc5 dxc5 15. Qb3 Bc6 16. Rb1 Ng4 17. Bxb5 Nxe3 18.
Bxc6+ Qxc6 19. Qb8+ Bd8 20. fxe3 O-O 21. Qb5 Qd6 22.
e5 Qe7 23. Ne4 f5 24. exf6 gxf6 25. Qxc5 Qg7 26. Qc6 Qg4 27. h3 Qf5 28. Nd4 Qg6 29. Qxe6+ Kh8 30. Rb8 Re8 31. Qd5 Qh6 32. Rxd8 Qxe3+ 33. Kh2 Qf4+ 34. Ng3 1-0

[Event "*** Titled Tuesday 3|2 Blitz"]
[Site "Chess.com"]
[Date "2016.06.07"]
[Round "7"]
[White "bugsbunny444"]
[Black "Kawhi_Leonard2"]
[Result "1-0"]
[WhiteElo "2359"]
[BlackElo "2043"]
[TimeControl "180+2"]
[EndTime "18:21:45 PDT"]
[Termination "bugsbunny444 won by resignation"]

1. Nf3 Nf6 2. c4 e6 3. g3 d5 4. Bg2 Be7 5. O-O O-O 6. b3 c5 7. e3 Nc6 8. Bb2 b6 9. Nc3 Bb7 10. cxd5 exd5 11. d4 Rc8 12. Ne5 Re8 13. Nxd5 Nxd5 14.
Nxf7 Kxf7 15. Qh5+ Ke6 16. dxc5 Nf6 17. Bh3+ 1-0

[Event "*** Titled Tuesday 3|2 Blitz"]
[Site "Chess.com"]
[Date "2016.06.07"]
[Round "7"]
[White "chesstatour"]
[Black "silverback96"]
[Result "1-0"]
[WhiteElo "2000"]
[BlackElo "2013"]
[TimeControl "180+2"]
[EndTime "18:22:28 PDT"]
[Termination "chesstatour won by resignation"]

1. c4 e5 2. Nc3 f5 3. Nf3 e4 4. Ng1 Bc5 5. g3 f4 6. d4 fxg3 7. hxg3 Bb4 8. Bg2 Nf6 9. Bg5 d5 10. Qb3 Bxc3+ 11. bxc3 c6 12. Nh3 O-O 13. Nf4 h6 14.
Bxf6 Qxf6 15. cxd5 g5 16. dxc6+ Rf7 17. Bxe4 bxc6 18.
Nh5 Qxf2+ 19. Kd2 Bg4 20. Nf6+ Kg7 21. Nxg4 Qxg3 22. Bf3 Na6 23. Nxh6 Rb8 24. Qxf7+ Kh8 25. Ng4+ Qh4 26. Rxh4+ gxh4 27. Nf6 Rb2+ 28. Ke1 1-0

[Event "*** Titled Tuesday 3|2 Blitz"]
[Site "Chess.com"]
[Date "2016.06.07"]
[Round "7"]
[White "Newlight1"]
[Black "1stSecond"]
[Result "1-0"]
[WhiteElo "2215"]
[BlackElo "2578"]
[TimeControl "180+2"]
[EndTime "18:22:48 PDT"]
[Termination "Newlight1 won by checkmate"]

1. d4 Nf6 2. c4 c5 3. d5 e6 4. Nc3 exd5 5. cxd5 d6 6. Nf3 g6 7. e4 a6 8. a4 Bg7 9. h3 O-O 10. Bd3 Re8 11. O-O Nh5 12. Bg5 Bf6 13. Be3 Nd7 14.
g4 Ng7 15. a5 Rb8 16. Bf4 Ne5 17. Nxe5 Bxe5 18. Bxe5 dxe5 19. Qf3 h5 20. Be2 Qg5 21. Qg3 h4 22. Qe3 Qe7 23. Na4 f5 24. Qxc5 Bd7 25. Qxe7 Rxe7 26. d6 Ree8 27. Nc5 Bc6 28. Rad1 Rbd8 29.
Bc4+ Kh7 30. f3 Rf8 31. d7 Kh6 32. Rd6 Kg5 33. gxf5 gxf5 34. Kh2 Kf4 35. Nd3+ Ke3 36. Re1+ Kd2 37. Rg6 fxe4 38. Rg2# 1-0

[Event "*** Titled Tuesday 3|2 Blitz"]
[Site "Chess.com"]
[Date "2016.06.07"]
[Round "7"]
[White "chessking2151"]
[Black "Generalas"]
[Result "1-0"]
[WhiteElo "2337"]
[BlackElo "2223"]
[TimeControl "180+2"]
[EndTime "18:23:24 PDT"]
[Termination "chessking2151 won by resignation"]

1. e4 e5 2. Nf3 Nc6 3. Bb5 a6 4. Ba4 Nf6 5. d3 b5 6. Bb3 Be7 7. a4 Bb7 8. Nc3 b4 9. Nd5 d6 10. O-O Nxd5 11. Bxd5 Na5 12. Bxb7 Nxb7 13. d4 Bf6 14.
dxe5 dxe5 15. Qe2 O-O 16. Rd1 Qe7 17. b3 Nd6 18. Bb2 Qe6 19. Rd5 c6 20. Rd2 Rfd8 21. Rad1 a5 22. h3 h6 23. Qe3 Kh7 24. Qb6 Nc8 25. Qc5 Rxd2 26. Rxd2 Nd6 27. Rxd6 1-0

[Event "*** Titled Tuesday 3|2 Blitz"]
[Site "Chess.com"]
[Date "2016.06.07"]
[Round "7"]
[White "yopino"]
[Black "evgenyermolaev"]
[Result "1-0"]
[WhiteElo "2270"]
[BlackElo "2271"]
[TimeControl "180+2"]
[EndTime "18:23:26 PDT"]
[Termination "yopino won by checkmate"]

1. e4 c5 2. Nc3 Nc6 3. Bb5 Nd4 4.
Nf3 Nxb5 5. Nxb5 d6 6. d4 cxd4 7.
Qxd4 a6 8. Nc3 e5 9. Qb4 h6 10. Be3 d5 11. Qb3 d4 12. Nxe5 Be6 13. Qxb7 dxe3 14.
Qc6+ Ke7 15. Rd1 Qc8 16. Nd5+ Bxd5 17. Qxd5 Qe6 18. Qxa8 Qxe5 19. Qd8+ Ke6 20. Qxf8 exf2+ 21. Kf1 g5 22. Rd5 Qxe4 23. Qd6# 1-0

[Event "*** Titled Tuesday 3|2 Blitz"]
[Site "Chess.com"]
[Date "2016.06.07"]
[Round "7"]
[White "gmjoey1"]
[Black "Evgeny_Levin"]
[Result "0-1"]
[WhiteElo "2535"]
[BlackElo "2703"]
[TimeControl "180+2"]
[EndTime "18:24:07 PDT"]
[Termination "Evgeny_Levin won on time"]

1. e4 Nf6 2. e5 Nd5 3. c4 Nb6 4.
a4 a5 5. Nc3 d6 6. exd6 exd6 7.
d4 Be7 8. Be3 O-O 9. Bd3 Nc6 10.
c5 dxc5 11. dxc5 Nb4 12. Bxh7+ Kxh7 13. cxb6 Nd3+ 14. Ke2 Bf5 15. Nf3 Kg8 16. Qb3 Nc5 17. Qd5 Bd3+ 18. Ke1 cxb6 19. Rd1 Bf6 20. Nd4 Re8 21.
Qxd8 Raxd8 22. Nce2 Bxd4 23. Nxd4 Rxd4 24. h4 Rxa4 25. h5 Bc2 26. b3 Ra2 0-1

[Event "*** Titled Tuesday 3|2 Blitz"]
[Site "Chess.com"]
[Date "2016.06.07"]
[Round "7"]
[White "tactics321"]
[Black "rdclayton"]
[Result "1-0"]
[WhiteElo "2222"]
[BlackElo "2082"]
[TimeControl "180+2"]
[EndTime "18:24:24 PDT"]
[Termination "tactics321 won by resignation"]

1. Nf3 d5 2. c4 d4 3. e3 Nc6 4. exd4 Nxd4 5. Nxd4 Qxd4 6. Nc3 Bg4 7. Qa4+ Bd7 8. Qb3 Qb6 9. Qxb6 axb6 10. d4 e6 11.
Bf4 c5 12. d5 Nf6 13. dxe6 Bxe6 14. Nb5 Rd8 15. Bc7 Rd7 16. Bxb6 Be7 17. Nc7+ Kf8 18. Nxe6+ fxe6 19. Be2 Kf7 20. O-O Rd2 21. Bf3 Ra8 22. a4 Rxb2 23. a5 Nd7 24. Bc7 Rc8 25. Bg3 Bf6 26.
Rab1 Rxb1 27. Rxb1 Ne5 28. Rxb7+ Kf8 29. Be2 Ra8 30.
Rb5 Nc6 31. Rxc5 Nxa5 32. h3 Nb3 33. Rc7 Nd4 34. Bd3 Ra3 35. Be4 h6 36. Bd6+ Ke8 37. Bxa3 1-0

[Event "*** Titled Tuesday 3|2 Blitz"]
[Site "Chess.com"]
[Date "2016.06.07"]
[Round "7"]
[White "Fawolizzo"]
[Black "AllStarShark"]
[Result "0-1"]
[WhiteElo "1982"]
[BlackElo "2145"]
[TimeControl "180+2"]
[EndTime "18:24:34 PDT"]
[Termination "AllStarShark won by resignation"]

1. d4 d5 2. Nf3 Nf6 3. c4 c6 4.
Nbd2 g6 5. e3 Bg7 6. Bd3 O-O 7.
O-O Bg4 8. b3 e6 9. Bb2 Nbd7 10.
h3 Bf5 11. Be2 Ne4 12. Ne1 c5 13. g4 Qg5 14. Ndf3 Qh6 15. gxf5 gxf5 16. Kg2 Kh8 17. Rh1 Rg8 18. Kf1 Bf6 19. cxd5 exd5 20. Nd3 Rg6 21. dxc5 Rag8 22. Bd4 Bxd4 23. exd4 Qg7 24.
Nf4 Rg3 25. Nxd5 Rxh3 26. Rg1 Rh1 27. Ng5 Qxg5 28. Bg4 Rxg1+ 29. Kxg1 Qh4 30. Qf3 Rxg4+ 31. Kf1 Nd2+ 0-1

[Event "*** Titled Tuesday 3|2 Blitz"]
[Site "Chess.com"]
[Date "2016.06.07"]
[Round "7"]
[White "matej2221"]
[Black "sandropozo"]
[Result "1-0"]
[WhiteElo "2503"]
[BlackElo "2402"]
[TimeControl "180+2"]
[EndTime "18:25:09 PDT"]
[Termination "matej2221 won on time"]

1. e4 e6 2. d4 d5 3. Nd2 h6 4. Ngf3 Nf6 5. Bd3 c5 6. e5 Nfd7 7. c3 Nc6 8. O-O g5 9. dxc5 Bxc5 10. Nb3 Bb6 11. a4 a6 12. a5 Ba7 13. Qe2 g4 14.
Nfd4 Ndxe5 15. Nxc6 Nxc6 16. Qxg4 Qf6 17. Qe2 Rg8 18.
Be3 e5 19. Bxa7 Bh3 20. g3 Bxf1 21. Rxf1 Nxa7 22. c4 dxc4 23. Bxc4 Nc6 24. Nc5 Qe7 25. Rc1 Nd4 26. Qe4 Rc8 27. Nd3 Kf8 28. f4 Nc6 29.
Qh7 Qf6 30. Rf1 e4 31. Ne5 Rd8 32. Qxe4 Qe7 33. Bxf7 Nxe5 34. Bxg8 Ng4 35. Qxe7+ Kxe7 36. Re1+ Kf6 37. Be6 Re8 38. h3 1-0

[Event "*** Titled Tuesday 3|2 Blitz"]
[Site "Chess.com"]
[Date "2016.06.07"]
[Round "7"]
[White "Keaton87"]
[Black "Mornar1951"]
[Result "1-0"]
[WhiteElo "2482"]
[BlackElo "2499"]
[TimeControl "180+2"]
[EndTime "18:25:11 PDT"]
[Termination "Keaton87 won by resignation"]

1. e4 e6 2. d4 d5 3. Nd2 c5 4.
Ngf3 cxd4 5. exd5 Qxd5 6. Bc4 Qd6 7. O-O Nf6 8. Nb3 Nc6 9. Nbxd4 Nxd4 10. Nxd4 Be7 11.
Nb5 Qc6 12. Qe2 a6 13. Nd4 Qc7 14. g3 O-O 15. Bf4 Bd6 16. Bxd6 Qxd6 17. Rad1 Qc7 18.
Rfe1 b5 19. Bb3 Bb7 20. Qe5 Qxe5 21. Rxe5 Rfd8 22. c3 Rac8 23. a3 Kf8 24. f3 Bd5 25. Bxd5 Rxd5 26. Rxd5 Nxd5 27. Kf2 Ke7 28. Ne2 a5 29.
Rd4 g5 30. h4 h6 31. h5 f5 32. f4 Nf6 33. a4 Rb8 34. b4 gxf4 35. gxf4 Ne4+ 36.
Ke3 axb4 37. Rxb4 Nd6 38. Nd4 Rc8 39. Nxb5 Nxb5 40. axb5 Rxc3+ 41. Kd4 Rf3 42. Kc5 Rc3+ 43.
Rc4 Rb3 44. Kc6 e5 45. Rc5 exf4 46. Rxf5 f3 47. b6 Ke6 48. Rf8 Ke5 49. b7 Ke4 50.
b8=Q Rxb8 51. Rxb8 f2 52. Rf8 Ke3 53. Kd5 Ke2 54. Ke4 f1=Q 55. Rxf1 Kxf1 56. Kf5 Kf2 57. Kg6 Kf3 58. Kxh6 Kg4 59. Kg6 1-0

[Event "*** Titled Tuesday 3|2 Blitz"]
[Site "Chess.com"]
[Date "2016.06.07"]
[Round "7"]
[White "FearlessKing64"]
[Black "hangemhigh"]
[Result "0-1"]
[WhiteElo "2096"]
[BlackElo "2227"]
[TimeControl "180+2"]
[EndTime "18:25:14 PDT"]
[Termination "hangemhigh won by resignation"]

1. e4 e5 2. Nf3 d6 3. d4 exd4 4. Nxd4 Nf6 5. Nc3 Be7 6. Be2 O-O 7. O-O c5 8. Nf3 Nc6 9. Re1 h6 10. h3 a6 11. Bf1 Be6 12. Nd5 Re8 13. Nxe7+ Qxe7 14.
Bf4 Rad8 15. c3 d5 16. e5 Nh7 17. Qd2 d4 18. c4 Nf8 19. b3 Ng6 20. Bh2 Bf5 21.
g4 Bc8 22. Rad1 Nf8 23. Bd3 b6 24. Qf4 Ne6 25. Qe4 Ng5 26. Nxg5 Qxg5 27. Qxc6 h5 28. Qg2 hxg4 29. hxg4 Re6 30. f4 Qh4 31. Bf5 Rh6 32.
Bg3 Qe7 33. Bxc8 Rxc8 34. g5 Rh5 35. Kf2 Qe6 36. Rh1 Rxh1 37. Rxh1 Qf5 38. Qf3 b5 39.
Re1 bxc4 40. bxc4 Rb8 41. Qe4 Qh3 42. e6 Rb2+ 43. Re2 Rxe2+ 44. Qxe2 fxe6 45. g6 Qf5 46. Qe5 Qc2+ 47. Kg1 Qxg6 48. Qxc5 Qxg3+ 49. Kf1 Qxf4+ 0-1

[Event "*** Titled Tuesday 3|2 Blitz"]
[Site "Chess.com"]
[Date "2016.06.07"]
[Round "7"]
[White "michaelq2d5"]
[Black "platy3"]
[Result "0-1"]
[WhiteElo "2484"]
[BlackElo "2683"]
[TimeControl "180+2"]
[EndTime "18:25:17 PDT"]
[Termination "platy3 won by resignation"]

1. d4 Nf6 2. c4 c5 3. d5 e6 4.
Nc3 exd5 5. cxd5 d6 6. e4 g6 7. f4 Bg7 8. Bb5+ Nfd7 9. a4 O-O 10. Nf3 Na6 11. O-O Nb4 12. Re1 a6 13. Bf1 Re8 14.
h3 Rb8 15. Qb3 Qc7 16. Bd2 h6 17. Kh2 Kh7 18. Bc4 Nb6 19. Bf1 Nd7 20. Bc4 Nb6 21. Bf1 Bd7 22. Nd1 a5 23. Rc1 Bxa4 24. Qa3 Nc2 25.
Rxc2 Bxc2 26. Bxa5 Ra8 27. Nc3 Qc8 28. Nb5 Qd7 29.
e5 dxe5 30. Qxc5 Nxd5 31. b4 e4 32. Nfd4 Bd3 33. Nd6 Nxf4 34. Nxe8 Rxe8 35. Nb3 Be5 36. Kh1 Bxf1 37. Rxf1 Qd3 38. Qf2 Qxb3 39. g3 e3 40. Qf3 e2 0-1

[Event "*** Titled Tuesday 3|2 Blitz"]
[Site "Chess.com"]
[Date "2016.06.07"]
[Round "7"]
[White "MaestroASK"]
[Black "anon102030"]
[Result "0-1"]
[WhiteElo "2462"]
[BlackElo "2519"]
[TimeControl "180+2"]
[EndTime "18:25:25 PDT"]
[Termination "anon102030 won by resignation"]

1. d4 Nf6 2. Bg5 Ne4 3. Bh4 d5 4. e3 c5 5. f3 Nf6 6. c3 e6 7. Nd2 Nc6 8. f4 cxd4 9. exd4 Bd6 10. Nh3 b6 11. Bd3 O-O 12. O-O Bb7 13. Nf3 h6 14.
Ne5 Be7 15. Qe2 Ne4 16. Bxe7 Nxe7 17. Nf2 f6 18. Nf3 f5 19. Ne5 Nc6 20. Qh5 Nxe5 21. fxe5 Qd7 22. g4 Kh7 23. Bxe4 fxe4 24. Nh3 Ba6 25.
Rf4 Be2 26. Re1 Bf3 27. Rxf8 Rxf8 28. Qh4 Kg8 29. g5 h5 30. Rf1 Qf7 31. Qg3 Qf5 32.
Re1 e3 33. Rxe3 Qb1+ 34. Re1 Qxb2 35. Rf1 Qxc3 36. Rf2 Qxd4 37. g6 Rf5 38. a4 h4 39.
Qg5 Rxg5+ 40. Nxg5 Qg4+ 41. Kf1 Qxg5 42. Rxf3 Qxg6 0-1

[Event "*** Titled Tuesday 3|2 Blitz"]
[Site "Chess.com"]
[Date "2016.06.07"]
[Round "7"]
[White "Ksenia_Legenko"]
[Black "Quiet_Desperation"]
[Result "1-0"]
[WhiteElo "2058"]
[BlackElo "2281"]
[TimeControl "180+2"]
[EndTime "18:25:33 PDT"]
[Termination "Ksenia_Legenko won by resignation"]

1. d4 Nf6 2. c4 e6 3. g3 Bb4+ 4. Bd2 Qe7 5. Bg2 Nc6 6. a3 Bxd2+ 7. Qxd2 O-O 8. Nc3 d6 9. Nf3 e5 10. O-O Bg4 11. e3 Na5 12. Nd5 Nxd5 13. Qxa5 Nb6 14. Rac1 e4 15. Nd2 c5 16. Bxe4 Be2 17. Rfe1 Bxc4 18.
Nxc4 Nxc4 19. Bxh7+ Kxh7 20. Rxc4 b5 21. Qxb5 Rab8 22. Qa5 Rxb2 23. dxc5 Qe6 24. Rh4+ Kg8 25. cxd6 Qxd6 26. Qh5 f6 27. Qh7+ Kf7 28. Rd4 Qe6 29. Red1 Re8 30. Rd6 Qg4 31. Rd7+ Re7 32. Rxe7+ Kxe7 33. Qd3 Qf3 34. Qd8+ Kf7 35. Qd5+ Qxd5 36. Rxd5 Ke6 37.
Ra5 Rb7 38. Kg2 Kd6 39. h4 Kc6 40. Ra4 Kc5 41. g4 Kd5 42. Kg3 Ke5 43. f4+ Kd5 44. g5 Kc5 45. gxf6 gxf6 46. Kg4 Rb3 47. e4 Kb6 48. Rb4+ Rxb4 49. axb4 Kb5 50. h5 Kxb4 51. h6 a5 52. h7 a4 1-0

[Event "*** Titled Tuesday 3|2 Blitz"]
[Site "Chess.com"]
[Date "2016.06.07"]
[Round "7"]
[White "Danirod"]
[Black "Iball95"]
[Result "1-0"]
[WhiteElo "2437"]
[BlackElo "2457"]
[TimeControl "180+2"]
[EndTime "18:25:36 PDT"]
[Termination "Danirod won on time"]

1. e4 c5 2. Nf3 Nc6 3. c3 Nf6 4. e5 Nd5 5. Bc4 Nb6 6. Bb3 c4 7.
Bc2 d5 8. exd6 Qxd6 9. O-O Bg4 10.
h3 Bh5 11. Re1 e6 12. b3 Be7 13. Na3 cxb3 14. axb3 O-O 15. d4 Rfd8 16. Qe2 a6 17.
Be4 Rac8 18. Nc4 Nxc4 19. bxc4 Qc7 20. c5 Bg6 21. Rb1 Bf6 22. Rb6 Rd7 23. Bxc6 bxc6 24.
Rxa6 Rd5 25. Bd2 h6 26. Rea1 Rb8 27. Ra7 Rb7 28. Rxb7 Qxb7 29. Qa6 Rd7 30. Bf4 Be4 31. Ne5 Bxe5 32. Bxe5 Qxa6 33. Rxa6 f6 34. Bd6 Rb7 35. f3 Bd5 36. c4 Bxc4 37. Rxc6 Rb1+ 38. Kh2 Rb2 39.
Rb6 Rxb6 40. cxb6 Bd5 41. Kg3 Kf7 42. Kf4 g6 43. h4 h5 44. g4 Bb7 45. Ke3 Bd5 46. g5 f5 47. Kf4 Bb7 48. Bc5 Ba8 49. Bb4 Bc6 50. Bd2 Bb7 51. Ke5 Bxf3 52. Kd6 e5 53.
dxe5 Bb7 54. e6+ 1-0

[Event "*** Titled Tuesday 3|2 Blitz"]
[Site "Chess.com"]
[Date "2016.06.07"]
[Round "7"]
[White "aspired"]
[Black "oskariot"]
[Result "1-0"]
[WhiteElo "2486"]
[BlackElo "2416"]
[TimeControl "180+2"]
[EndTime "18:25:50 PDT"]
[Termination "aspired won on time"]

1. e4 c5 2. Nf3 d6 3. Bb5+ Nd7 4. O-O a6 5. Bd3 Ngf6 6. Re1 g6 7. c3 Bg7 8. Bc2 e5 9. d4 O-O 10. a4 Re8 11. dxe5 Nxe5 12. Nxe5 dxe5 13. Qxd8 Rxd8 14. c4 Be6 15. b3 Rd4 16. Nc3 Bf8 17. Be3 a5 18.
Nd5 Nd7 19. Rad1 Rc8 20. Rf1 Kg7 21. f4 exf4 22. Rxd4 cxd4 23. Bxd4+ f6 24. Rxf4 Bc5 25. Bxc5 Rxc5 26. Kf2 g5 27. Rf3 Ne5 28. Rc3 Kf7 29.
Ke3 h5 30. Kd4 Rc8 31. Bd1 Nc6+ 32. Ke3 h4 33. Bh5+ Kg7 34. h3 Ne5 35. Be2 Nd7 36. Kd4 Nc5 37. Rf3 Nd7 38. Bd3 Bf7 39. Bc2 Bg8 40.
Ne7 Rc7 41. Nxg8 Kxg8 42. Kd5 Kf7 43. Kd6 1-0